Cogmind - Beta 12 @@@ ROGUE MODE // 2023.08.22 @ 15:58:34 Player: Rohain Result: Destroyed by S-27 Virus with Autogun Performance ------------- Evolutions (3) 1500 Regions Visited (6) 1200 Robots Destroyed (29) 145 Value Destroyed (902) 902 Prototype IDs (7) 140 Alien Tech Used (0) 0 Bonus (600) 600 TOTAL SCORE: 4487 Bonus ------- Pacifist 200 High Alert Combat Kills 26 Follower Combat Kills 122 Entered DSFs 500 Friendly Fire -248 Cogmind --------- Core Integrity 0/700 Matter 260/300 Energy 64/100 System Corruption 0% Temperature Cool (0) Movement Treading (170) Location -7/DSF Parts ------- > --- POWER (1) -------- (None) > --- PROPULSION (4) --- Armored Treads Armored Treads > --- UTILITY (5) ------ Medium Storage Unit > --- WEAPON (3) ------- Heavy Machine Gun Heavy Machine Gun Heavy Machine Gun > --- INVENTORY (10) --- Aluminum Leg Aluminum Leg Particle Gun Spread Laser Improved Light Cannon Peak State ------------ > --- POWER ------------ Light Nuclear Core > --- PROPULSION ------- Aluminum Leg Aluminum Leg Titanium Leg Improved Carbon-fiber Leg > --- UTILITY ---------- Improved Heat Sink Medium Storage Unit Recoil Stabilizer Light Armor Plating Hardened Medium Armor Plating > --- WEAPON ----------- Pulse Rifle Cooled Pulse Rifle Gauss Rifle > --- INVENTORY -------- Ion Engine Aluminum Leg Aluminum Leg Aluminum Leg Beam Rifle Particle Gun Particle Gun Spread Laser Improved Light Cannon [Rating: 36] Favorites ----------- Power Improved Ion Engine Engine Improved Ion Engine Power Core Light Nuclear Core Propulsion Aluminum Leg Treads Armored Treads Leg Aluminum Leg Utility Medium Storage Unit Device Improved Heat Sink Storage Medium Storage Unit Processor Targeting Computer Protection Light Armor Plating Weapon Improved Light Cannon Energy Gun Medium Laser Ballistic Gun Enhanced Autogun Ballistic Cannon Improved Light Cannon Build | -11 -10 -10 -9 -8 -7 -7 ------- Run | Jun Mat Min Mat Mat Fac DSF Slots Evolved 6 | . . . 2 2 2 . Power . | . . . . . . . Propulsion 2 | . . . 2 . . . Utility 3 | . . . . 1 2 . Weapon 1 | . . . . 1 . . Parts Attached 54 | 5 3 . 11 18 2 15 Power 8 | 1 . . 3 2 . 2 Engine 7 | 1 . . 3 2 . 1 Core 1 | . . . . . . 1 Reactor . | . . . . . . . Propulsion 14 | 2 . . 3 5 . 4 Treads 2 | . . . . . . 2 Leg 12 | 2 . . 3 5 . 2 Wheel . | . . . . . . . Hover . | . . . . . . . Flight . | . . . . . . . Utility 10 | 1 1 . 2 4 1 1 Device 3 | . . . 1 2 . . Storage 2 | 1 1 . . . . . Processor 1 | . . . 1 . . . Hackware . | . . . . . . . Protection 4 | . . . . 2 1 1 Artifact . | . . . . . . . Weapon 22 | 1 2 . 3 7 1 8 Energy Gun 12 | 1 . . 3 3 1 4 Energy Cannon . | . . . . . . . Ballistic Gun 8 | . . . . 4 . 4 Ballistic Cannon 2 | . 2 . . . . . Launcher . | . . . . . . . Special Weapon . | . . . . . . . Impact Weapon . | . . . . . . . Slashing Weapon . | . . . . . . . Piercing Weapon . | . . . . . . . Special Melee Weapon . | . . . . . . . Unidentified Prototypes 5 | . . . 2 2 1 . Parts Lost 19 | . . . 1 3 . 15 Power 4 | . . . . 1 . 3 Propulsion 5 | . . . . . . 5 Utility 7 | . . . 1 2 . 4 Weapon 3 | . . . . . . 3 Highest Loss Streak 15 | . . . 1 2 . 15 To Critical Strikes 1 | . . . . . . 1 Average Slot Usage (%) 83 | . 78 71 79 96 92 75 Engine 10 | . 14 14 11 9 7 4 Leg 30 | . 28 28 31 36 30 21 Device 7 | . . . 4 14 15 11 Storage 10 | . 14 14 11 9 7 7 Protection 2 | . . . . 3 7 7 Energy Gun 6 | . 6 . 4 7 15 12 Ballistic Gun 6 | . . . . 16 7 5 Ballistic Cannon 6 | . 14 14 11 . . . Naked Turns . | . . . . . . . Heaviest Build 41 | 12 23 19 24 32 32 41 Greatest Support 55 | 20 20 20 40 47 47 55 Greatest Overweight (x) 3 | 3 1 . . . . 3 Average Overweight (x) . | . . . . . . . Largest Inventory Capacity 10 | 8 10 10 10 10 10 10 Average Capacity 9 | 7 9 10 10 10 10 10 Most Carried 10 | 5 7 6 9 10 8 10 Average Carried 7 | 2 4 6 7 9 7 7 Final Capacity 10 | 8 10 10 10 10 10 10 Final Carried 9 | 2 6 6 9 8 8 5 Class Distribution -------------------- 50% | Mutant 20% | Scavenger-Gunner 14% | Scavenger-Mutant 14% | Scavenger-Tank Dominant Class ---------------- Mutant | -10/Materials Mutant | -10/Mines Mutant | -9/Materials Scavenger-Gunner | -8/Materials Scavenger-Gunner | -7/Factory Mutant | -7/DSF Resources | -11 -10 -10 -9 -8 -7 -7 ----------- Run | Jun Mat Min Mat Mat Fac DSF Matter Collected 961 | 170 . 107 203 303 . 178 Remotely . | . . . . . . . Salvage Created 1192 | . . 23 296 534 . 339 Parts 63 | . . . 11 30 . 22 Haulers Intercepted 1 | . . . 1 . . . Recyclers Shooed . | . . . . . . . Parts Field Recycled . | . . . . . . . Retrieved Matter . | . . . . . . . Parts Self-Destructed . | . . . . . . . Prevented . | . . . . . . . Kills | -11 -10 -10 -9 -8 -7 -7 ------- Run | Jun Mat Min Mat Mat Fac DSF Combat Hostiles Destroyed 27 | . . 2 6 13 . 6 Guns 19 | . . . . 13 . 6 Cannons 8 | . . 2 6 . . . Classes Destroyed 8 | . . 1 4 1 . 2 Hauler 1 | . . . 1 . . . Recycler 1 | . . . . 1 . . Swarmer 9 | . . . 2 7 . . Grunt 8 | . . . 1 5 . 2 Sentry 6 | . . . 4 2 . . Specialist 3 | . . . . . . 3 Heavy 1 | . . . . . . 1 Assembled 2 | . . 2 . . . . Best Kill Streak 5 | . . 2 2 5 . 3 Combat Bots Only 5 | . . 2 2 5 . 3 Max Kills in Single Turn 2 | . . 1 2 2 . 1 Gunslinging . | . . . . . . . Exploded . | . . . . . . . Melee . | . . . . . . . Uniques/NPCs Destroyed . | . . . . . . . Combat | -11 -10 -10 -9 -8 -7 -7 -------- Run | Jun Mat Min Mat Mat Fac DSF Damage Taken 3247 | . . 184 201 590 . 2272 Core 926 | . . 56 27 132 . 711 Absorbed by Shields . | . . . . . . . Core Remaining (%) 86 | 100 . 77 93 76 . . Volleys Fired 71 | . . 6 19 30 . 16 Largest 3 | . . 1 2 3 . 3 Hottest 155 | . . 39 89 155 . 113 Shots Fired 157 | . . 6 27 78 . 46 Gun 133 | . . . 9 78 . 46 Cannon 24 | . . 6 18 . . . Launcher . | . . . . . . . Special . | . . . . . . . Kinetic 90 | . . 6 18 51 . 15 Thermal 67 | . . . 9 27 . 31 Explosive . | . . . . . . . Electromagnetic . | . . . . . . . Robot Hit Streak 8 | . . 1 4 8 . 5 Robot Miss Streak 3 | . . 1 3 2 . 2 Penetration Max . | . . . . . . . Secondary Targets 3 | . . . . 2 . 1 Max Gunslinging Chain 1 | . . . . 1 . 1 Shots Hit Robots 97 | . . 3 17 48 . 29 Core Hits 51 | . . 2 10 24 . 15 Critical Kills . | . . . . . . . Critical Parts Destroyed . | . . . . . . . Critical Strikes 3 | . . . 1 . . 2 Burn 3 | . . . 1 . . 2 Melee Attacks . | . . . . . . . Impact . | . . . . . . . Slashing . | . . . . . . . Piercing . | . . . . . . . Sneak Attacks . | . . . . . . . Combat Hostiles . | . . . . . . . Follow-up Attacks . | . . . . . . . Damage Inflicted 1676 | . . 66 366 714 . 530 Guns 1320 | . . . 76 714 . 530 Cannons 356 | . . 66 290 . . . Explosions . | . . . . . . . Melee . | . . . . . . . Ramming . | . . . . . . . Kinetic 1057 | . . 66 290 498 . 203 Thermal 619 | . . . 76 216 . 327 Explosive . | . . . . . . . Electromagnetic . | . . . . . . . Impact . | . . . . . . . Slashing . | . . . . . . . Piercing . | . . . . . . . Highest Corruption 5 | . . . 5 . . . Average Corruption 5 | . . . 5 . . . Corruption Purged . | . . . . . . . Corruption Blocked . | . . . . . . . Effects 5 | . . . 5 . . . Message Errors 1 | . . . 1 . . . Matter Fused 1 | . . . 1 . . . Data Loss (minor) 1 | . . . 1 . . . Alerts 1 | . . . 1 . . . Weapon Failures 1 | . . . 1 . . . Overload Shots . | . . . . . . . Overflow Damage . | . . . . . . . Projectiles . | . . . . . . . Explosions . | . . . . . . . Melee . | . . . . . . . Knockbacks 1 | . . 1 . . . . Impact . | . . . . . . . Kinetic 1 | . . 1 . . . . Secondary . | . . . . . . . Self-Inflicted Damage . | . . . . . . . Shots . | . . . . . . . Rammed . | . . . . . . . Targets Rammed . | . . . . . . . Kicked . | . . . . . . . Crushed . | . . . . . . . Highest Temperature 152 | . . 36 23 152 . 11 Average Temperature 19 | . . 15 8 23 . 6 Received Heat Transfer 669 | . . 120 81 207 . 261 Siege Activations . | . . . . . . . Robots Corrupted . | . . . . . . . Combat Hostiles . | . . . . . . . Parts Fried . | . . . . . . . Impact Corruptions . | . . . . . . . Robots Melted . | . . . . . . . Combat Hostiles . | . . . . . . . Parts Melted 5 | . . . 3 . . 2 Heat Transferred 1776 | . . . 296 629 . 851 Parts Sabotaged . | . . . . . . . Parts Stolen . | . . . . . . . Parts Stripped . | . . . . . . . Power Chain Reactions . | . . . . . . . Missiles Intercepted . | . . . . . . . Alert | -11 -10 -10 -9 -8 -7 -7 ------- Run | Jun Mat Min Mat Mat Fac DSF Peak Influence 471 | . 46 17 443 471 165 249 Initial 186 | . . 17 6 186 165 119 Average 182 | . 26 17 179 346 165 158 Maximum Alert Level 2 | . . . 2 2 . 1 Low Security (%) 56 | 100 100 100 55 6 100 75 Level 1 32 | . . . 39 63 . 24 Level 2 11 | . . . 5 30 . . Level 3 . | . . . . . . . Level 4 . | . . . . . . . Level 5 . | . . . . . . . High Security . | . . . . . . . Max Security . | . . . . . . . Squads Dispatched 7 | . 2 . 2 1 . 2 Investigation 2 | . 2 . . . . . Extermination . | . . . . . . . Reinforcement 5 | . . . 2 1 . 2 Assault . | . . . . . . . Garrison . | . . . . . . . Intercept . | . . . . . . . Searches Triggered . | . . . . . . . Construction Impeded . | . . . . . . . Haulers Reinforced . | . . . . . . . Active Scanning Responses . | . . . . . . . Cargo Convoy Interrupts . | . . . . . . . Stealth | -11 -10 -10 -9 -8 -7 -7 --------- Run | Jun Mat Min Mat Mat Fac DSF Distress Signals 1 | . . . 1 . . . Communications Jammed . | . . . . . . . Distress Signals . | . . . . . . . Times Spotted 51 | . 3 5 15 16 . 12 Peak Tracking Total 7 | . 3 3 6 6 . 7 Tactical Retreats 4 | . . . . 2 . 2 Traps | -11 -10 -10 -9 -8 -7 -7 ------- Run | Jun Mat Min Mat Mat Fac DSF Traps Triggered 2 | . 2 . . . . . Indirectly . | . . . . . . . Trap Hack Attempts . | . . . . . . . Triggered . | . . . . . . . Disarmed . | . . . . . . . Reprogrammed . | . . . . . . . Reused . | . . . . . . . Traps Extracted . | . . . . . . . Installed . | . . . . . . . Triggered . | . . . . . . . Machines | -11 -10 -10 -9 -8 -7 -7 ---------- Run | Jun Mat Min Mat Mat Fac DSF Machines Disabled 1 | . . . . 1 . . Max in Single Turn 1 | . . . . 1 . . Machines Repaired . | . . . . . . . Machines Sabotaged . | . . . . . . . Overloaded Fab Kills . | . . . . . . . Hacking | -11 -10 -10 -9 -8 -7 -7 --------- Run | Jun Mat Min Mat Mat Fac DSF Machines Accessed 7 | . 1 . 4 1 1 . Terminals 7 | . 1 . 4 1 1 . Fabricators . | . . . . . . . Repair Stations . | . . . . . . . Recycling Units . | . . . . . . . Scanalyzers . | . . . . . . . Garrison Access . | . . . . . . . Total Hacks 17 | . 5 . 6 4 2 . Successful 9 | . 4 . 3 1 1 . Failed 8 | . 1 . 3 3 1 . Catastrophic . | . . . . . . . Database Lockouts . | . . . . . . . Manual 14 | . 5 . 5 4 . . Terminals 17 | . 5 . 6 4 2 . Fabricators . | . . . . . . . Repair Stations . | . . . . . . . Recycling Units . | . . . . . . . Scanalyzers . | . . . . . . . Garrison Access . | . . . . . . . Terminal Hacks 5 | . 3 . 1 . 1 . Robot Analysis 3 | . 2 . 1 . . . Prototype ID Bank 1 | . 1 . . . . . Open DSF 1 | . . . . . 1 . Fabricator Hacks . | . . . . . . . Repair Station Hacks . | . . . . . . . Recycling Unit Hacks . | . . . . . . . Scanalyzer . | . . . . . . . Garrison Access Hacks . | . . . . . . . Unauthorized Hacks 4 | . 1 . 2 1 . . Terminals 4 | . 1 . 2 1 . . Botnet 4 | . 1 . 2 1 . . Fabricators . | . . . . . . . Repair Stations . | . . . . . . . Recycling Units . | . . . . . . . Scanalyzers . | . . . . . . . Garrison Access . | . . . . . . . Data Cores Recovered 2 | . . . 2 . . . Used 1 | . . . 1 . . . Hacking Detections 6 | . 1 . 3 1 1 . Full Trace Events . | . . . . . . . Feedback Events . | . . . . . . . Feedback Blocked . | . . . . . . . Robot Schematics Acquired . | . . . . . . . Robots Built . | . . . . . . . Authchips . | . . . . . . . Time . | . . . . . . . Total Robot Build Rating . | . . . . . . . Part Schematics Acquired . | . . . . . . . Parts Built . | . . . . . . . Authchips . | . . . . . . . Time . | . . . . . . . Total Part Build Rating . | . . . . . . . Parts Repaired . | . . . . . . . Time . | . . . . . . . Parts Recycled . | . . . . . . . Recycled Matter . | . . . . . . . Retrieved Matter . | . . . . . . . Retrieved Components . | . . . . . . . Parts Scanalyzed . | . . . . . . . Part Schematics Acquired . | . . . . . . . Parts Damaged . | . . . . . . . Bothacking | -11 -10 -10 -9 -8 -7 -7 ------------ Run | Jun Mat Min Mat Mat Fac DSF Used RIF Installer . | . . . . . . . Robots Hacked . | . . . . . . . Non-combat . | . . . . . . . Combat . | . . . . . . . Robot Hacks Applied . | . . . . . . . Relay Couplers Released . | . . . . . . . Fabnet Peak Effective % . | . . . . . . . Robots Rewired . | . . . . . . . Allies Hacked . | . . . . . . . Hacks Repelled . | . . . . . . . Allies | -11 -10 -10 -9 -8 -7 -7 -------- Run | Jun Mat Min Mat Mat Fac DSF Total Allies 4 | . . 4 . . . . Largest Group 4 | . . 4 4 1 . . Highest-Rated Group 71 | . . 71 71 16 . . Highest-Rated Ally 31 | . . 31 31 16 . . Total Orders . | . . . . . . . Ally Attacks 45 | . . 3 37 5 . . Total Damage 624 | . . 42 533 49 . . Kills 9 | . . . 9 . . . Allies Corrupted . | . . . . . . . Allies Melted . | . . . . . . . Intel | -11 -10 -10 -9 -8 -7 -7 ------- Run | Jun Mat Min Mat Mat Fac DSF Robot Analysis Total 3 | . 2 . 1 . . . Derelict Logs Recovered 2 | . . 2 . . . . Drone Launches . | . . . . . . . Drone Recoveries . | . . . . . . . Exploration | -11 -10 -10 -9 -8 -7 -7 ------------- Run | Jun Mat Min Mat Mat Fac DSF Turns Passed 1706 | 61 262 210 318 575 33 247 Spaces Moved 1107 | 44 172 166 209 366 24 126 Core 28 | 15 . . . . . 13 Treads 10 | . . . . . . 10 Legs 1069 | 29 172 166 209 366 24 103 Wheels . | . . . . . . . Hover . | . . . . . . . Flight . | . . . . . . . Fastest Speed 50 | 50 120 120 120 120 122 120 Average Speed 126 | 113 148 120 120 121 122 134 Slowest Speed 200 | 200 190 120 120 122 122 200 Overloaded Moves . | . . . . . . . Propulsion Burnouts . | . . . . . . . Robots Hopped . | . . . . . . . Cave-ins Triggered . | . . . . . . . Exploration Rate (%) 31 | 3 40 54 31 22 1 70 Regions Visited 6 Branch Regions 1 Pre-discovered Areas 1 | . . 1 . . . . Known Exits Taken 2 | . . . 1 . 1 . Unknown Exits Taken 4 | 1 1 1 . 1 . . Scrap Searched 3 | . . 3 . . . . Spaces Dug . | . . . . . . . Terrain Destroyed 1 | . . . 1 . . . Melee . | . . . . . . . Projectile 1 | . . . 1 . . . AOE . | . . . . . . . Terrain Rammed . | . . . . . . . Walls Destroyed . | . . . . . . . Machines Disabled . | . . . . . . . Actions | -11 -10 -10 -9 -8 -7 -7 --------- Run | Jun Mat Min Mat Mat Fac DSF Total 1293 | 54 180 171 244 451 27 166 Wait 20 | . . . 1 13 . 6 Move 1101 | 43 171 165 208 365 23 126 Hop . | . . . . . . . Pick Up 23 | 6 4 . 3 9 1 . Fast Attach 18 | 1 . . 5 4 1 7 Attach 21 | 4 2 . 2 7 1 5 Detach 3 | . 2 . . 1 . . Swap 15 | . 1 . 4 7 . 3 Drop 21 | . . . 2 15 1 3 Fire 71 | . . 6 19 30 . 16 Melee . | . . . . . . . Ram . | . . . . . . . Kick . | . . . . . . . Crush . | . . . . . . . Escape Stasis . | . . . . . . . Rewire . | . . . . . . . Trap . | . . . . . . . Miscellaneous . | . . . . . . . Route ------- -11/Junkyard -10/Materials (discovered 3 exits: *Mat / [*Min x2]) -10/Mines -9/Materials (discovered 5 exits: *Mat x2 / *Min x2 / [*Sto]) -8/Materials -7/Factory -7/DSF History --------- Turn | Location | Event 18 | -11/Junkyard | Discovered new exit (range 15) 62 | -11/Junkyard | Entered Materials 62 | -10/Materials | Discovered new exit (range 8) 221 | -10/Materials | Discovered new exit (range 10) 287 | -10/Materials | Discovered new exit (range 12) 300 | -10/Materials | Build established: Mutant 324 | -10/Materials | Entered Mines 325 | -10/Mines | Assembled infested the area 330 | -10/Mines | Assisted by a Guerilla fighting off Assembled 369 | -10/Mines | Learned location of 2 exits from Materials 399 | -10/Mines | Learned location of Storage (-9) 484 | -10/Mines | Received a Mining Laser from a helpful Derelict 515 | -10/Mines | Discovered new exit (range 7) 525 | -10/Mines | Assisted by bots powering up and referring to "LRC-V3" 534 | -10/Mines | Entered Materials 534 | -9/Materials | Accompanied by 4 allies 534 | -9/Materials | Evolved 2 slots: Propulsion x2 535 | -9/Materials | Identified exit to Materials 535 | -9/Materials | Identified exit to Mines 655 | -9/Materials | Discovered exit to Mines (range 12) 748 | -9/Materials | Discovered new exit (range 15) 796 | -9/Materials | Discovered exit to Materials (range 9) 852 | -9/Materials | Entered another Materials area 852 | -8/Materials | Accompanied by 1 ally 852 | -8/Materials | Evolved 2 slots: Utility x1, Weapon x1 1367 | -8/Materials | Discovered new exit (range 3) 1387 | -8/Materials | Build established: Scavenger-Gunner 1427 | -8/Materials | Entered Factory 1427 | -7/Factory | Evolved 2 slots: Utility x2 1460 | -7/Factory | Identified exit to DSF 1460 | -7/Factory | Entered DSF 1509 | -7/DSF | Additional patrols routed to DSF 1663 | -7/DSF | Core integrity fell below 50% 1679 | -7/DSF | Core integrity fell below 20% 1683 | -7/DSF | Lost 15 parts (3p5n4u3w) 1707 | -7/DSF | Destroyed by S-27 Virus with Autogun Last Messages --------------- 01636_ Ion Engine destroyed. 01637_ G-47 Trooper destroyed. 01637_ Switching to secondary target: G-47 Trooper. 01637_ Slug penetrates Wall. 01639_ Aluminum Leg destroyed. 01641_ Slug penetrates Wall. 01643_ Imp. Carbon-fiber Leg destroyed. 01650_ Gauss Rifle destroyed. 01650_ Recoil Stabilizer destroyed. 01652_ Imp. Heat Sink destroyed. 01652_ Cld. Pulse Rifle destroyed. 01654_ Dropped Particle Gun. 01666_ Critical hit (Burn: +37). 01677_ Acquired 20 matter. 01681_ Acquired Arm. Treads. 01683_ Acquired 20 matter. 01687_ Acquired Arm. Treads. 01698_ Acquired Hvy. Machine Gun. 01703_ Dropped Beam Rifle. 01705_ Acquired Hvy. Machine Gun. Map ----- +----------------------------------------------------+ | | | | | | | | | ????????????????????????????????????????????? | | ????????????????????????????????????????????? | | ????????????????????????????????????????????? | | ?????????????????????????????????##?????????? | | ????""??????????????????????????#""?????????? | | ????#"#?????????????????????????#"#?????????? | | ?####"##???????#########???????##"####??????? | | ?#"""""######### /// %#########"""""#??????? | | ?#"""""## # # /// # #!!##"""""#??????? | | ##"" [ ""##"#???? | | """" [%! """""#???? | | ##""![%## # ### "##!!!#!!## ""###????? | | ?###!%### # ### ###!!!#!!### ###??????? | | ??##! ##########!! ^^]]########## ##???????? | | ??#! !!!#??????#!! ]]#??????#!! !#???????? | | ??#![ !!#??????#!! ]]#??????#!! !#???????? | | ??## ###??????### ###??????### ##???????? | | ??# !!#??????#[[ !!#??????#!! #???????? | | ??# !!#??????#[[ !!#??????#!! #???????? | | ??# !!#???????[[ !!???????#!! #???????? | | ?### ############ #######??### ###??????? | | ## ## [#!!!### ###[@[#???## %#??????? | | #" #% "!!!## ##sss# ## %%#??????? | | #" % = #??????? | | ## %! ]%! #??????? | | ?# !%= "! #??????? | | ?# *%## #[[[##"% a##!!!# ## !!#??????? | | ?# ## #[[[###a ###!!!# ## !!#??????? | | ?### ##########?# #?########## ###??????? | | ???!^ !?????????!! !!????????? !????????? | | ??#! !????????#!! !!#???????? !????????? | | ??#! !????????#!! !!#???????? !????????? | | ??## #????????### ###???????## #????????? | | ???! ??????????? ?????????? ?????????? | | ???! ??????????? ?????????? ?????????? | | ???# ?????????? ?????????# ?????????? | | ???# ??????????## ##?????????? ?????????? | | ???" ???????????# #??????????????????????? | | ????????????????? ??????????????????????? | | ?????????????????? ??????????????????????? | | ?????????????????? ???????????????????????? | | ????????????????????????????????????????????? | | ????????????????????????????????????????????? | | ????????????????????????????????????????????? | | ????????????????????????????????????????????? | | ????????????????????????????????????????????? | +----------------------------------------------------+ Best States ------------- Heat Dissipation 48 Energy Generation 14 Energy Capacity 265 Matter Stores 300 Matter Capacity 300 Sight Range 16 Terrain Scan Density 10 Armor Coverage 375 Evasion (%) 55 Targeting Accuracy 5 Recoil Reduction 4 Item Schematics ----------------- None Robot Schematics ------------------ None Fabricated ------------ Nothing Alien Tech Used ----------------- None Achievements -------------- None Challenges ------------ None Game ------ Seed ComponentCoilStorage Manual? 0 Play Time 00:17:08 Cumulative 45.4 hours Start 2023.08.22 @ 15:43:28 End 2023.08.22 @ 15:58:34 Sessions 1 Manual Loads 0 Difficulty Rogue Special Mode None Game No. 72 Rogue 56 Adventurer 16 Explorer 0 Win Type - Total 1 Types 1/0/0/0/0/0/0/0/0 Lore% 30 Gallery% 49 Achievement% 44 Wizard Run 0 Options --------- ASCII 0 Keyboard 0 Movement Mouse Keybinds 0 Fullscreen 1 Font 18/SmallcapsGlow Map View 76x50 Tactical HUD 1 Map Filters NONE Filters NONE Steam 1 RUN: fd4a7ad2-fb9e-487a-ba85-09ec7d9add7d